[ AOE2 MATCH · #505820235 ]
UnrankedArmenians vs Malay
Player's team · WIN
Rival team · LOSS
[ REPLAY ANALYSIS · EXTRACTED FROM THE RECORDED GAME ]
Feudal
10:38
Castle
22:24
Imperial
40:02
| APM avg | 48.8 |
| APM peak | 101 |
| eAPM avg | 25.3 |
| Villagers / military | 77 / 252 |
Focus
⚔️ 38.1% · 🌾 61.9%
Militia ×164 · Spearman ×49 · Battering Ram ×15 · Skirmisher ×8 · Monk ×7 · Composite Bowman ×7
Feudal
8:24
Castle
21:54
Imperial
41:59
| APM avg | 61.2 |
| APM peak | 110 |
| eAPM avg | 34.0 |
| Villagers / military | 178 / 211 |
Focus
⚔️ 33.4% · 🌾 66.6%
Archer ×134 · Battle Elephant ×49 · Karambit Warrior ×17 · Trebuchet (Packed) ×6 · Scorpion ×2 · Monk ×1
Match map
Initial resources + every placement click. Lines = walls · curves = elevation contours. ◆ gold · ⬟ stone · ● berries · ✦ relic · ◌ wall gap
Your base· ✓ Closed at 22:24 · 3t walls · 1 gate(s)
Sebaschuleta's base· Open — 2t gap
Smoothed initial terrain · ◌ = detected wall gap · hover for details
Inputs per minute
— dawoagepl - - Sebaschuleta
Build order — dawoagepl
First 150 of 408 actions detected
| 0:01 | Queue | Villager (Male) |
| 0:03 | Build | House |
| 0:04 | Build | House |
| 0:16 | Queue | Villager (Male) |
| 0:19 | Queue | Villager (Male) |
| 0:19 | Queue | Villager (Male) |
| 0:27 | Build | Mule Cart |
| 1:09 | Queue | Villager (Male) |
| 1:44 | Queue | Villager (Male) |
| 1:45 | Research | Loom |
| 2:05 | Queue | Villager (Male) |
| 2:57 | Queue | Villager (Male) |
| 2:58 | Queue | Villager (Male) |
| 3:31 | Build | House |
| 3:32 | Build | House |
| 3:47 | Queue | Villager (Male) |
| 3:48 | Queue | Villager (Male) |
| 3:58 | Build | House |
| 4:40 | Queue | Villager (Male) |
| 4:40 | Queue | Villager (Male) |
| 4:50 | Queue | Villager (Male) |
| 5:09 | Build | Mule Cart |
| 5:42 | Queue | Villager (Male) |
| 5:43 | Queue | Villager (Male) |
| 6:02 | Build | Barracks |
| 6:11 | Queue | Villager (Male) |
| 7:02 | Queue | Villager (Male) |
| 7:23 | Queue | Villager (Male) |
| 7:33 | Queue | Villager (Male) |
| 7:37 | Build | Mill |
| 7:45 | Build | Mill |
| 8:28 | Research | Feudal Age |
| 8:28 | Research | Feudal Age |
| 8:36 | Build | Palisade Wall |
| 8:38 | Build | Palisade Wall |
| 8:41 | Build | Palisade Wall |
| 8:58 | Queue | Spearman |
| 9:06 | Queue | Militia |
| 9:42 | Queue | Villager (Male) |
| 9:47 | Build | Farm |
| 9:54 | Queue | Militia |
| 9:54 | Queue | Militia |
| 10:14 | Queue | Militia |
| 10:30 | Queue | Villager (Male) |
| 10:33 | Build | House |
| 10:34 | Build | House |
| 10:38 | Age | Feudal Age |
| 10:41 | Research | Man-at-Arms (upgrade) |
| 11:04 | Queue | Villager (Male) |
| 11:13 | Queue | Militia |
| 11:30 | Build | Farm |
| 12:14 | Queue | Militia |
| 12:14 | Queue | Militia |
| 12:24 | Build | Farm |
| 12:27 | Queue | Villager (Male) |
| 12:29 | Build | Farm |
| 12:58 | Queue | Villager (Male) |
| 13:11 | Queue | Militia |
| 13:27 | Build | Archery Range |
| 13:28 | Build | Archery Range |
| 13:35 | Queue | Militia |
| 13:36 | Queue | Militia |
| 13:38 | Research | Long Swordsman (upgrade) |
| 13:40 | Queue | Villager (Male) |
| 13:54 | Research | Double-Bit Axe |
| 14:08 | Queue | Skirmisher |
| 14:08 | Queue | Skirmisher |
| 14:22 | Build | Farm |
| 14:23 | Queue | Villager (Male) |
| 15:05 | Queue | Skirmisher |
| 15:07 | Queue | Villager (Male) |
| 15:08 | Build | Farm |
| 15:10 | Queue | Spearman |
| 15:10 | Queue | Spearman |
| 15:24 | Build | House |
| 15:25 | Build | House |
| 15:32 | Queue | Villager (Male) |
| 15:34 | Build | Farm |
| 15:39 | Research | Town Watch |
| 16:09 | Queue | Villager (Male) |
| 16:12 | Queue | Spearman |
| 16:19 | Queue | Skirmisher |
| 16:28 | Queue | Villager (Male) |
| 16:48 | Build | Farm |
| 16:59 | Build | Farm |
| 17:01 | Queue | Villager (Male) |
| 17:02 | Build | Farm |
| 17:05 | Queue | Villager (Male) |
| 17:10 | Build | Farm |
| 17:26 | Build | Farm |
| 17:26 | Build | Farm |
| 17:35 | Build | Blacksmith |
| 17:42 | Build | Farm |
| 17:53 | Build | Palisade Gate |
| 17:55 | Build | Farm |
| 18:14 | Build | Market |
| 18:16 | Queue | Skirmisher |
| 18:19 | Queue | Skirmisher |
| 18:27 | Build | House |
| 18:48 | Build | Farm |
| 18:50 | Build | Farm |
| 18:54 | Build | Farm |
| 19:00 | Queue | Villager (Male) |
| 19:44 | Research | Castle Age |
| 20:40 | Build | Mule Cart |
| 21:01 | Research | Scale Mail Armor |
| 21:34 | Build | Barracks |
| 21:38 | Queue | Skirmisher |
| 21:43 | Queue | Militia |
| 21:43 | Queue | Militia |
| 21:43 | Queue | Militia |
| 22:24 | Age | Castle Age |
| 22:29 | Research | Chain Mail Armor |
| 22:33 | Research | Two-Handed Swordsman (upgrade) |
| 22:34 | Queue | Militia |
| 22:35 | Queue | Militia |
| 22:36 | Queue | Militia |
| 22:36 | Queue | Militia |
| 22:38 | Queue | Militia |
| 22:39 | Queue | Villager (Male) |
| 22:47 | Research | Horse Collar |
| 23:21 | Queue | Militia |
| 23:21 | Queue | Militia |
| 23:28 | Research | Gambesons |
| 23:33 | Research | Squires |
| 23:35 | Queue | Skirmisher |
| 23:44 | Build | Monastery |
| 23:50 | Queue | Villager (Male) |
| 23:50 | Queue | Villager (Male) |
| 23:51 | Queue | Villager (Male) |
| 23:57 | Build | Town Center |
| 24:04 | Build | House |
| 24:11 | Queue | Warrior Priest |
| 24:14 | Queue | Monk |
| 24:14 | Queue | Monk |
| 24:20 | Build | House |
| 24:20 | Build | House |
| 24:21 | Build | House |
| 24:39 | Build | House |
| 24:41 | Queue | Villager (Male) |
| 24:51 | Build | Farm |
| 24:54 | Queue | Villager (Male) |
| 24:55 | Queue | Villager (Male) |
| 25:25 | Research | Fletching |
| 26:01 | Queue | Monk |
| 26:06 | Build | Palisade Wall |
| 26:16 | Build | Farm |
| 26:27 | Build | Palisade Wall |
| 26:32 | Queue | Monk |
| 26:35 | Queue | Villager (Male) |
Build order — Sebaschuleta
First 150 of 544 actions detected
| 0:01 | Queue | Villager (Male) ×4 |
| 0:02 | Build | House |
| 0:04 | Build | House |
| 1:23 | Queue | Villager (Male) |
| 1:23 | Queue | Villager (Male) |
| 1:56 | Queue | Villager (Male) |
| 2:04 | Build | Lumber Camp |
| 2:26 | Queue | Villager (Male) |
| 2:44 | Queue | Villager (Male) |
| 3:15 | Queue | Villager (Male) ×2 |
| 3:49 | Build | House |
| 4:00 | Queue | Villager (Male) ×2 |
| 4:03 | Queue | Villager (Male) |
| 4:31 | Queue | Villager (Male) |
| 4:31 | Queue | Villager (Male) |
| 4:41 | Build | Mill |
| 4:53 | Queue | Villager (Male) |
| 5:03 | Queue | Villager (Male) |
| 5:57 | Research | Loom |
| 6:55 | Research | Feudal Age |
| 7:10 | Build | Barracks |
| 7:39 | Queue | Villager (Male) |
| 8:00 | Queue | Villager (Male) |
| 8:07 | Build | Mining Camp |
| 8:13 | Build | House |
| 8:24 | Age | Feudal Age |
| 8:32 | Build | House |
| 8:54 | Build | Watch Tower |
| 8:59 | Queue | Villager (Male) |
| 9:03 | Research | Double-Bit Axe |
| 9:03 | Research | Double-Bit Axe |
| 9:08 | Queue | Villager (Male) ×3 |
| 9:40 | Build | Palisade Wall |
| 9:41 | Build | Palisade Wall |
| 9:41 | Build | Palisade Wall |
| 9:42 | Build | Palisade Wall |
| 9:47 | Build | Palisade Wall |
| 9:47 | Build | Palisade Wall |
| 9:47 | Build | Palisade Wall |
| 9:48 | Build | Palisade Wall |
| 9:53 | Queue | Villager (Male) |
| 10:08 | Queue | Villager (Male) |
| 10:17 | Build | Watch Tower |
| 10:24 | Build | Palisade Wall |
| 10:26 | Build | Palisade Wall |
| 10:26 | Build | Palisade Wall |
| 10:40 | Queue | Villager (Male) |
| 10:53 | Build | Stable |
| 11:13 | Build | House |
| 11:35 | Build | Watch Tower |
| 11:39 | Queue | Villager (Male) |
| 12:01 | Queue | Villager (Male) |
| 12:10 | Build | Archery Range |
| 12:27 | Build | Watch Tower |
| 12:31 | Queue | Villager (Male) |
| 12:37 | Queue | Scout Cavalry |
| 12:51 | Build | Palisade Wall |
| 12:52 | Build | Palisade Wall |
| 12:59 | Build | House |
| 13:01 | Build | Palisade Wall |
| 13:06 | Queue | Villager (Male) |
| 13:18 | Queue | Villager (Male) |
| 13:37 | Build | Farm |
| 13:40 | Build | Farm |
| 13:41 | Queue | Villager (Male) |
| 13:51 | Queue | Archer |
| 13:56 | Build | Palisade Wall |
| 13:57 | Build | Palisade Wall |
| 13:58 | Build | Palisade Wall |
| 13:59 | Build | Palisade Wall |
| 14:01 | Build | Palisade Wall |
| 14:15 | Queue | Villager (Male) |
| 14:15 | Queue | Villager (Male) |
| 14:19 | Build | Mining Camp |
| 14:43 | Build | Lumber Camp |
| 14:45 | Build | Palisade Wall |
| 14:46 | Build | Palisade Wall |
| 14:50 | Queue | Villager (Male) |
| 14:50 | Queue | Villager (Male) |
| 14:51 | Queue | Villager (Male) |
| 15:02 | Build | Farm |
| 15:02 | Build | Farm |
| 15:02 | Build | Farm |
| 15:02 | Build | Farm |
| 15:02 | Build | Farm |
| 15:03 | Build | Farm |
| 15:03 | Build | Farm |
| 15:03 | Build | Farm |
| 15:08 | Build | Farm |
| 15:32 | Build | Farm |
| 15:55 | Build | Palisade Wall |
| 15:59 | Queue | Villager (Male) |
| 16:01 | Build | Farm |
| 16:10 | Queue | Archer |
| 16:20 | Build | Farm |
| 16:20 | Queue | Villager (Male) |
| 16:20 | Queue | Villager (Male) |
| 16:21 | Queue | Villager (Male) |
| 16:26 | Build | Market |
| 16:32 | Build | House |
| 16:34 | Build | House |
| 16:41 | Build | Farm |
| 17:04 | Queue | Archer |
| 17:04 | Queue | Archer |
| 17:17 | Build | Farm |
| 17:23 | Queue | Archer |
| 17:44 | Queue | Archer |
| 17:57 | Queue | Villager (Male) |
| 17:57 | Queue | Villager (Male) |
| 17:57 | Queue | Villager (Male) |
| 17:58 | Queue | Villager (Male) |
| 18:43 | Queue | Villager (Male) |
| 19:03 | Build | Farm |
| 19:04 | Build | Farm |
| 19:04 | Build | Farm |
| 19:04 | Build | Farm |
| 19:04 | Build | Farm |
| 20:10 | Build | House |
| 20:18 | Research | Castle Age |
| 20:35 | Build | Stable |
| 20:51 | Build | Blacksmith |
| 21:06 | Build | Mining Camp |
| 21:16 | Build | Watch Tower |
| 21:42 | Build | Watch Tower |
| 21:54 | Age | Castle Age |
| 21:57 | Queue | Battle Elephant ×2 |
| 22:08 | Build | Mining Camp |
| 22:18 | Research | Scale Barding Armor |
| 22:18 | Research | Scale Barding Armor |
| 22:25 | Queue | Villager (Male) |
| 22:44 | Build | Stone Wall |
| 22:45 | Build | Stone Wall |
| 22:45 | Build | Stone Wall |
| 22:52 | Queue | Villager (Male) |
| 22:53 | Queue | Villager (Male) |
| 23:16 | Queue | Battle Elephant ×2 |
| 23:17 | Queue | Battle Elephant ×2 |
| 23:26 | Build | Palisade Wall |
| 23:32 | Queue | Villager (Male) |
| 23:42 | Build | Farm |
| 23:42 | Build | Farm |
| 23:51 | Build | Farm |
| 23:58 | Queue | Battle Elephant |
| 24:03 | Build | Farm |
| 24:03 | Build | Farm |
| 24:07 | Queue | Villager (Male) |
| 24:18 | Build | Farm |
| 24:19 | Build | Farm |
| 24:24 | Build | Farm |
| 24:26 | Queue | Battle Elephant |
Match timeline
| 6:02 | dawoagepl · first_building Barracks |
| 7:10 | Sebaschuleta · first_building Barracks |
| 8:24 | Sebaschuleta · age_up feudal |
| 8:36 | dawoagepl · wall_segment Palisade Wall x1 |
| 8:38 | dawoagepl · wall_segment Palisade Wall x1 |
| 8:41 | dawoagepl · wall_segment Palisade Wall x1 |
| 9:40 | Sebaschuleta · wall_segment Palisade Wall x1 |
| 9:41 | Sebaschuleta · wall_segment Palisade Wall x1 |
| 9:41 | Sebaschuleta · wall_segment Palisade Wall x1 |
| 9:42 | Sebaschuleta · wall_segment Palisade Wall x1 |
| 9:47 | Sebaschuleta · wall_segment Palisade Wall x1 |
| 9:47 | Sebaschuleta · wall_segment Palisade Wall x1 |
| 9:47 | Sebaschuleta · wall_segment Palisade Wall x1 |
| 9:48 | Sebaschuleta · wall_segment Palisade Wall x1 |
| 10:24 | Sebaschuleta · wall_segment Palisade Wall x1 |
| 10:26 | Sebaschuleta · wall_segment Palisade Wall x1 |
| 10:26 | Sebaschuleta · wall_segment Palisade Wall x1 |
| 10:38 | dawoagepl · age_up feudal |
| 10:53 | Sebaschuleta · first_building Stable |
| 12:10 | Sebaschuleta · first_building Archery Range |
| 12:51 | Sebaschuleta · wall_segment Palisade Wall x4 |
| 12:52 | Sebaschuleta · wall_segment Palisade Wall x5 |
| 13:01 | Sebaschuleta · wall_segment Palisade Wall x1 |
| 13:27 | dawoagepl · first_building Archery Range |
| 13:56 | Sebaschuleta · wall_segment Palisade Wall x1 |
| 13:57 | Sebaschuleta · wall_segment Palisade Wall x1 |
| 13:58 | Sebaschuleta · wall_segment Palisade Wall x1 |
| 13:59 | Sebaschuleta · wall_segment Palisade Wall x1 |
| 14:01 | Sebaschuleta · wall_segment Palisade Wall x1 |
| 14:45 | Sebaschuleta · wall_segment Palisade Wall x1 |
| 14:46 | Sebaschuleta · wall_segment Palisade Wall x2 |
| 15:55 | Sebaschuleta · wall_segment Palisade Wall x1 |
| 17:22 | Sebaschuleta · first_market_sell 500 wood |
| 18:22 | Sebaschuleta · first_market_buy 500 food |
| 19:41 | dawoagepl · first_market_buy 100 food |
| 21:54 | Sebaschuleta · age_up castle |
| 22:24 | dawoagepl · age_up castle |
| 22:44 | Sebaschuleta · wall_segment Stone Wall x1 |
| 22:45 | Sebaschuleta · wall_segment Stone Wall x1 |
| 22:45 | Sebaschuleta · wall_segment Stone Wall x1 |
| 23:26 | Sebaschuleta · wall_segment Palisade Wall x6 |
| 23:44 | dawoagepl · first_building Monastery |
| 25:08 | Sebaschuleta · first_building Siege Workshop |
| 25:17 | Sebaschuleta · wall_segment Stone Wall x1 |
| 25:18 | Sebaschuleta · wall_segment Stone Wall x1 |
| 26:06 | dawoagepl · wall_segment Palisade Wall x1 |
| 26:27 | dawoagepl · wall_segment Palisade Wall x1 |
| 29:59 | dawoagepl · first_building Castle |
| 33:32 | Sebaschuleta · first_building Monastery |
| 40:02 | dawoagepl · age_up imperial |
| 41:35 | Sebaschuleta · first_building Castle |
| 41:59 | Sebaschuleta · age_up imperial |
| 43:40 | dawoagepl · first_building Siege Workshop |
| 56:30 | Sebaschuleta · resign |
[ AI ANALYSIS · 1 CREDIT ]
What really happened in this match?
Wolo.gg analyzes every decision: build order, eco, micro, common mistakes by bracket. Personalized analysis on WhatsApp or Discord in 30 seconds.
Civ guide
Armenians
Perfil
Jugador #788724